Map: Acid Plant LE

Players

DeathBreath - Winner!

  • Race: Terran Terran
  • League: Platinum
  • Spawn Location: 11:00

Infamous

  • Race: Protoss Protoss
  • League: Silver
  • Spawn Location: 5:00

VOD

Have the link to the VOD?

Description

Time

  • Played on: March 19, 2018, 9:20 a.m.
  • Length: 14:36
Show
View Real Time Build Order
Export as new Build Order

DeathBreath Terran - Winner!

Build Orders: Mech 

Get SALT Encoding   

  12  0:07  SCV  
  13  0:19  SCV  
  14  0:22  Supply Depot  
  14  0:31  SCV  
  15  0:43  Refinery  
  15  0:44  SCV  
  15  0:46  Barracks  
  16  0:56  SCV  
  17  1:08  SCV  
  18  1:20  SCV  
  19  1:35  Supply Depot  
  19  1:37  Orbital Command  
  19  1:39  Marine  
  20  2:01  Marine  
  21  2:09  SCV  
  22  2:18  Command Center  
  22  2:19  Marine  
  23  2:28  SCV  
  24  2:31  Refinery  
  24  2:35  Factory  
  24  2:44  Barracks Reactor  
  24  2:47  SCV  
  25  2:59  SCV  
  26  3:18  Factory  
  26  3:32  Hellion  
  26  3:33  Hellion, Barracks Tech Lab  
  30  3:36  Orbital Command  
  30  3:41  Command Center  
  30  3:46  Armory  
  28  4:11  Hellion x2  
  32  4:27  Orbital Command  
  29  4:41  Hellion  
  29  4:42  Hellion  
  33  4:59  SCV x2  
  35  5:01  Orbital Command  
  35  5:05  Terran Vehicle Weapons Level 1  
  35  5:10  Siege Tank  
  35  5:11  SCV  
  35  5:12  Hellion x2, SCV  
  44  5:17  Infernal Pre-Igniter  
  44  5:20  Factory  
  44  5:23  SCV  
  44  5:24  Starport, SCV  
  46  5:34  Hellion x2  
  50  5:36  SCV  
  51  6:04  SCV x2  
  53  6:12  Refinery  
  53  6:14  Refinery  
  53  6:16  SCV x2  
  55  6:21  Supply Depot  
  55  6:22  Supply Depot  
  55  6:23  Supply Depot  
  55  6:25  Supply Depot  
  55  6:28  SCV, Orbital Command  
  55  6:29  SCV  
  57  6:41  SCV x2  
  57  6:44  Supply Depot, Factory Tech Lab  
  57  6:46  Hellion x2  
  63  6:53  SCV x2  
  65  6:56  Armory  
  65  6:59  Terran Vehicle And Ship Armor Level 1  
  65  7:11  Thor x2  
  77  7:27  SCV x2  
  77  7:28  SCV  
  80  7:45  Terran Vehicle Weapons Level 2  
  80  7:48  Cyclone x2  
  86  8:03  Siege Tank  
  89  8:07  Refinery  
  89  8:09  Refinery  
  89  8:20  Hellion  
  89  8:21  Hellion, Supply Depot  
  89  8:23  Engineering Bay  
  93  8:42  Hellion x2  
  93  8:43  Fusion Core  
  97  8:56  Thor  
  97  8:57  Thor  
  109  9:25  Starport  
  109  9:27  Starport Tech Lab  
  109  9:32  Smart Servos  
  109  9:35  Rapid Fire Launchers  
  109  9:43  Supply Depot  
  109  9:44  Supply Depot, Hellion  
  109  9:45  Supply Depot  
  109  9:46  Hellion  
  109  9:47  Supply Depot  
  106  10:03  Command Center  
  106  10:05  Supply Depot, Building Armor, Command Center  
  106  10:06  Hellion  
  110  10:07  Hellion, Refinery  
  110  10:09  Supply Depot  
  110  10:10  Terran Vehicle Weapons Level 3  
  110  10:11  Terran Vehicle And Ship Armor Level 2  
  110  10:14  Starport Tech Lab  
  110  10:16  Advanced Ballistics  
  110  10:32  Thor  
  110  10:33  Refinery  
  116  10:38  Hellbat x2  
  116  10:42  Liberator  
  120  10:44  Liberator  
  99  11:38  Thor x2  
  103  11:56  Thor x2  
  103  12:09  Hellion x2  
  107  12:19  Planetary Fortress  
  107  12:21  Thor x2  
  119  12:26  Barracks  
  119  12:27  SCV  
  119  12:28  SCV  
  121  12:31  SCV  
  122  12:39  SCV  
  122  12:40  SCV  
  122  12:43  SCV  
  125  12:52  SCV x2  
  125  12:55  SCV  
  125  12:56  Hellion  
  125  12:57  Hellion  
  132  13:03  Thor  
  132  13:04  Thor  
  144  13:18  Hellion x2  
  139  13:39  Hellion x2  
  143  13:47  Widow Mine x2  
  147  14:00  Hellion  
  147  14:01  Hellion  
Show
View Real Time Build Order
Export as new Build Order

Infamous Protoss 

Build Orders:  

Get SALT Encoding   

  12  0:01  Probe  
  13  0:13  Probe  
  14  0:17  Pylon  
  14  0:25  Probe  
  15  0:37  Gateway  
  15  0:38  Probe  
  16  0:52  Gateway  
  16  0:53  Probe  
  17  1:03  Assimilator  
  17  1:07  Probe  
  18  1:15  Pylon  
  18  1:19  Probe  
  19  1:32  Cybernetics Core  
  19  1:35  Probe  
  20  1:51  Probe  
  21  1:59  Assimilator  
  21  2:03  Probe  
  21  2:04  Warp Gate (Chrono Boost)  
  22  2:11  Adept (Chrono Boost)  
  22  2:12  Probe  
  24  2:20  Probe  
  24  2:29  Probe  
  27  2:32  Adept (Chrono Boost)  
  28  2:41  Robotics Facility  
  28  2:51  Probe  
  28  2:54  Stalker  
  31  3:11  Pylon  
  31  3:29  Probe, Observer  
  33  3:41  Probe  
  34  3:50  Nexus  
  34  3:54  Pylon  
  34  3:56  Immortal (Chrono Boost)  
  34  3:58  Pylon  
  38  4:15  Probe  
  39  4:29  Pylon  
  39  4:31  Gateway  
  39  4:34  Gateway  
  39  4:42  Stalker  
  39  4:43  Pylon, Sentry  
  39  4:54  Pylon  
  39  4:55  Probe  
  40  5:05  Probe  
  41  5:14  Forge  
  41  5:17  Twilight Council  
  41  5:22  Immortal  
  41  5:23  Stalker x2  
  49  5:36  Gateway  
  49  5:39  Probe x2  
  49  5:40  Gateway  
  51  5:47  Sentry x2  
  51  5:48  Zealot  
  57  5:52  Sentry  
  57  5:55  Probe  
  57  5:56  Immortal  
  64  6:14  Charge  
  64  6:17  Assimilator  
  64  6:19  Probe x2  
  64  6:21  Assimilator  
  66  6:36  Stalker x2  
  66  6:37  Zealot  
  66  6:38  Zealot  
  74  6:50  Probe x2  
  76  7:02  Probe x2, Immortal (Chrono Boost)  
  82  7:13  Adept  
  82  7:14  Adept x3  
  90  7:16  Sentry  
  90  7:17  Protoss Ground Weapons Level 1 (Chrono Boost)  
  92  7:42  Templar Archives  
  92  7:50  Gateway  
  92  7:51  Gateway  
  92  7:52  Stalker  
  94  8:11  Photon Cannon, Robotics Bay  
  94  8:21  Photon Cannon  
  94  8:48  Forge  
  94  9:14  Pylon  
  94  9:18  Pylon  
  94  9:32  Colossus  
  100  9:50  Stalker x2  
  100  9:51  Stalker x3  
  110  10:21  Pylon  
  110  10:25  Pylon  
  110  10:35  Colossus (Chrono Boost)  
  110  10:36  Psionic Storm  
  116  10:43  High Templar x3  
  116  10:44  High Templar x2  
  116  10:45  Protoss Ground Weapons Level 2 (Chrono Boost)  
  126  10:51  Protoss Ground Armor Level 1 (Chrono Boost)  
  88  11:39  Stalker x2  
  72  11:40  Stalker x4  
  72  11:41  Stalker  
  72  12:05  Stalker  
  72  12:06  Stalker, Sentry  
  72  12:07  Sentry  
  80  12:09  Sentry  
  80  12:12  Nexus  
  80  12:15  Pylon  
  82  12:17  Pylon  
  82  12:20  Pylon  
  82  12:27  Colossus (Chrono Boost)  
  88  12:49  Stalker  
  90  12:52  Sentry  
  90  12:55  Sentry  
  94  13:03  Probe x2  
  53  13:41  Stalker x3  
  53  13:42  Stalker  
  53  13:44  Zealot  
  63  13:51  Immortal (Chrono Boost)  
  60  13:59  Sentry  
  60  14:00  Sentry  
  54  14:21  Robotics Facility  
Tags
 
Composition
Mech
Matchup
PvT
Replay Pack
Last Remnant (2)
Spawn Locations
Cross Positions
Add a new tag
Caveats
  • Supply blocks, unpowered buildings, or Contaminate may cause inaccurate times.
  • Supply counts are checked every 10 seconds.